 Dungeon Crawl Stone Soup version 0.27-a0-1219-g958d993ae5 (console) character file.

Game seed: 13297728956861215816

10222 jejorda2 the Fencer (level 11, -2/81 HPs)
             Began as a Merfolk Berserker on June 6, 2021.
             Was an Elder of Trog.
             Slain by a yak (11 damage)
             ... on level 1 of the Lair of Beasts.
             The game lasted 00:20:48 (11266 turns).

jejorda2 the Fencer (Merfolk Berserker)            Turns: 11266, Time: 00:20:49

Health: -2/81      AC: 17    Str: 21    XL:     11   Next: 58%
Magic:  11/11      EV:  7    Int:  6    God:    Trog [****..]
Gold:   446        SH:  0    Dex: 14    Spells: 10/10 levels left

rFire    . . .     SeeInvis .   a - +0 scimitar (flame)
rCold    . . .     Faith    +   (no shield)
rNeg     . . .     Spirit   .   c - +0 plate armour
rPois    .         Reflect  .   v - +2 helmet
rElec    .         Harm     .   p - +0 cloak
rCorr    .         Rampage  .   (no gloves)
Will     +++..                  (no boots)
Stlth    ..........             x - amulet of faith
HPRegen  1.23/turn              A - ring of willpower
MPRegen  0.12/turn              (no ring)

@: lethally poisoned (-2 -> -7), strong-willed, regenerating
A: (nimble swimmer 2), mertail
a: Renounce Religion, Berserk, Trog's Hand, Brothers in Arms


You were on level 1 of the Lair of Beasts.
You worshipped Trog.
Trog was greatly pleased with you.
You visited 2 branches of the dungeon, and saw 10 of its levels.
You also visited: Sewer and Ossuary.

You collected 446 gold pieces.

Inventory:

Hand Weapons
 a - a +0 scimitar of flaming (weapon)
 n - the +4 dagger "Maprouba" {flame, rPois}
   (You found it on level 4 of the Dungeon)

   It has been specially enchanted to burn those struck by it, causing extra
   injury to most foes and up to half again as much damage against particularly
   susceptible opponents.
   It protects you from poison.
 w - the +3 mace "Esiy" {venom, rElec Dex+4}
   (You found it on level 6 of the Dungeon)

   It poisons the flesh of those it strikes.
   It affects your dexterity (+4).
   It insulates you from electricity.
 E - a +0 long sword
Missiles
 l - 4 curare-tipped darts
 y - 3 boomerangs
 B - 7 poisoned darts (quivered)
Armour
 c - a +0 plate armour (worn)
 p - a +0 cloak (worn)
 v - a +2 helmet (worn)
 F - a scarf of resistance
Jewellery
 x - an amulet of faith (around neck)
 A - a ring of willpower (left hand)
 G - a ring of poison resistance
Wands
 b - a wand of iceblast (10)
 h - a wand of flame (15)
 z - a wand of mindburst (15)
Scrolls
 d - 5 scrolls of teleportation
 m - 3 scrolls of blinking
 u - a scroll of fog
 C - a scroll of fear
Potions
 e - 2 potions of mutation
 f - 3 potions of attraction
 g - 3 potions of heal wounds
 i - 2 potions of flight
 j - 2 potions of magic
 k - a potion of might
 o - a potion of ambrosia {unknown}
 q - 2 potions of curing
 r - 2 potions of haste
 s - a potion of cancellation {unknown}
 t - a potion of resistance
 D - 2 potions of invisibility


   Skills:
 + Level 6.3 Fighting
 - Level 16.0 Long Blades
 - Level 6.0 Armour
 + Level 3.5 Dodging
 + Level 1.4 Evocations


You had 10 spell levels left.
You didn't know any spells.
Your spell library was empty.

Dungeon Overview and Level Annotations

Branches:
Dungeon (9/15)             Temple (0/1) D:5            Lair (1/6) D:8
  Sewer (visited)         Ossuary (visited)
    Orc: D:9-12

Altars:
Ashenzari
Hepliaklqana
Makhleb
Vehumet
Xom


Innate Abilities, Weirdness & Mutations

((You are quick and stealthy near water. (Stealth+, EV+, Speed+++)))
Your lower body shifts to a powerful aquatic tail in water.


Message History

The cane toad stings you.
A yak comes into view.
Found a potion of heal wounds.
The cane toad barely misses you.
You riposte.
You barely miss the cane toad.
The cane toad is heavily wounded.
The cane toad stings you but does no damage.
A yak comes into view.
You see here a ring of poison resistance.
G - a ring of poison resistance The yak bellows!
You hear a bellow!
The cane toad completely misses you. The cane toad barely misses you.
The cane toad stings you!! The yak gores you but does no damage.
You see here a potion of heal wounds.
g - 3 potions of heal wounds (gained 1)
The cane toad stings you.
You are poisoned.
The cane toad poisons you! The yak gores you! The cane toad stings you!
You are lethally poisoned!
The cane toad poisons you!
* * * LOW HITPOINT WARNING * * *
You feel extremely sick. The yak barely misses you.
* * * LOW HITPOINT WARNING * * *
You feel extremely sick.
Your skin crawls.
You feel strong-willed.
You hear the loud beating of a distant drum.
You feel very sick. The yak gores you but does no damage.
A yak comes into view.
The yak gores you.
* * * LOW HITPOINT WARNING * * *
The yak gores you but does no damage.
Your ogre goes berserk!
Trog will no longer gift you weapons.
You feel very sick.
The yak bellows!
The yak gores you but does no damage. x2; The yak gores you!
You die...

..............................
[....................Y..###..#
........#...........Y#### ..
.........#...........# .
#.......######.......###
#.#......# ##....Y...###.
###......# #.Y..........
...... #Y.Y......... ###.
#Y@Y......... #..OF.........
................
#................
..................
.....##P.......... #.#..
###.####.. ###.. .#


You could see 8 yaks, a cane toad and a friendly ogre (summoned, berserk).

Vanquished Creatures
  A hydra (D:7)
  Erica (D:9)
  A two-headed ogre (D:9)
  The ghost of Eryximachus the Zephyrmancer, a novice TeAE of Sif Muna (D:9)
  Prince Ribbit (D:8)
  2 centaur simulacra (D:9)
  A wyvern (D:9)
  A wraith (Ossuary)
  18 yaks
  A steam dragon (D:6)
  9 water moccasins
  An acid dragon (D:7)
  An orc warrior (D:8)
  4 black bears
  2 ice beasts
  A necrophage (D:8)
  A hornet zombie (D:9)
  An ogre (D:7)
  2 centaurs
  A kobold brigand (D:7)
  4 bullfrogs
  4 scorpions
  2 wyvern skeletons
  A bullfrog zombie (D:7)
  2 hounds (D:7)
  3 jellies
  2 centaur skeletons
  3 orc priests
  2 bullfrog skeletons
  3 iguanas
  5 orc wizards
  Ijyb (D:4)
  Terence (D:2)
  3 mummies (Ossuary)
  3 howler monkey zombies (D:7)
  9 adders
  3 gnolls (D:3)
  9 river rats
  2 shadow imps
  2 white imps
  An ufetubus (D:6)
  8 worms
  3 dart slugs
  25 orcs
  7 endoplasms
  3 giant cockroaches
  A gnoll zombie (Ossuary)
  11 goblins
  4 hobgoblins
  10 jackals
  6 kobolds
  3 quokkas
  6 ball pythons
  4 bats
  11 frilled lizards
  3 goblin zombies (Ossuary)
  4 hobgoblin zombies (Ossuary)
  3 kobold zombies (Ossuary)
  16 rats
244 creatures vanquished.

Vanquished Creatures (collateral kills)
  A spectral centaur (D:9)
  A slime creature (D:7)
  A meliai zombie (D:9)
  A centaur simulacrum (D:9)
  A water moccasin (D:8)
  A black bear (D:8)
  An orc wizard (D:8)
7 creatures vanquished.

Vanquished Creatures (others)
  A kobold zombie (Ossuary)
  30 fungi (D:8)
  21 plants
52 creatures vanquished.

Grand Total: 303 creatures vanquished

Notes
Turn   | Place    | Note
-------+----------+-------------------------------------------
     0 | D:1      | jejorda2 the Merfolk Berserker began the quest for the Orb.
     0 | D:1      | Reached XP level 1. HP: 18/18 MP: 1/1
   133 | D:1      | Reached XP level 2. HP: 13/24 MP: 2/2
   613 | D:1      | Found a faded altar of an unknown god.
  1417 | D:1      | Reached skill level 4 in Long Blades
  1417 | D:1      | Reached XP level 3. HP: 29/29 MP: 3/3
  1664 | D:2      | Reached ** piety under Trog
  1784 | D:2      | Noticed Terence
  1797 | D:2      | Killed Terence
  1798 | D:2      | Reached XP level 4. HP: 37/37 MP: 4/4
  2722 | D:3      | Reached XP level 5. HP: 38/42 MP: 5/5
  2777 | D:3      | Reached skill level 5 in Long Blades
  3400 | D:3      | Reached XP level 6. HP: 40/49 MP: 6/6
  3817 | D:4      | Identified the +4 dagger "Maprouba" {flame, rPois}
  3847 | D:4      | HP: 2/49 [kobold/+1 dagger of venom (4)]
  3877 | D:4      | Found a sand-covered staircase.
  4024 | Ossuary  | Entered an ossuary
  4024 | Ossuary  | Noticed a wraith
  4024 | Ossuary  | Noticed a wraith
  4024 | Ossuary  | Noticed a wraith
  4251 | Ossuary  | Noticed a wraith
  4263 | Ossuary  | Killed a wraith
  4264 | Ossuary  | Reached skill level 6 in Long Blades
  4352 | Ossuary  | Reached skill level 5 in Fighting
  4384 | Ossuary  | Reached *** piety under Trog
  4419 | Ossuary  | Reached XP level 7. HP: 46/56 MP: 7/7
  4750 | D:4      | Noticed Ijyb
  4765 | D:4      | Killed Ijyb
  5272 | D:5      | Entered Level 5 of the Dungeon
  5306 | D:5      | Reached skill level 7 in Long Blades
  5312 | D:5      | HP: 2/56 [black bear (4)]
  5324 | D:5      | Found a staircase to the Ecumenical Temple.
  5396 | D:5      | Reached XP level 8. HP: 64/64 MP: 8/8
  5440 | D:5      | Found a glowing drain.
  5445 | Sewer    | Entered a sewer
  5612 | Sewer    | Reached **** piety under Trog
  6028 | D:5      | Reached skill level 8 in Long Blades
  6374 | D:6      | Found a broken altar of Ashenzari.
  6405 | D:6      | Identified the +3 mace "Esiy" {venom, rElec Dex+4}
  6489 | D:6      | Reached skill level 9 in Long Blades
  6500 | D:6      | Reached XP level 9. HP: 62/69 MP: 9/9
  6597 | D:6      | Found a hazy altar of Hepliaklqana.
  6597 | D:6      | Found a burning altar of Makhleb.
  6624 | D:6      | Found a shimmering altar of Xom.
  6953 | D:7      | Reached skill level 10 in Long Blades
  7024 | D:7      | HP: 4/103 [white imp (4)]
  7029 | D:7      | HP: 4/103 [poisoned by a water moccasin]
  7402 | D:7      | Reached skill level 5 in Armour
  8185 | D:7      | Reached skill level 11 in Long Blades
  8258 | D:7      | Noticed a five-headed hydra
  8269 | D:7      | Killed a five-headed hydra
  8270 | D:7      | Reached skill level 12 in Long Blades
  8270 | D:7      | Reached XP level 10. HP: 75/76 MP: 10/10
  8271 | D:7      | Reached ***** piety under Trog
  8821 | D:8      | Reached skill level 13 in Long Blades
  9320 | D:8      | Found a staircase to the Lair.
  9332 | D:8      | Noticed Prince Ribbit
  9351 | D:8      | Killed Prince Ribbit
  9448 | D:8      | Reached skill level 14 in Long Blades
 10182 | D:9      | Reached XP level 11. HP: 19/81 MP: 11/11
 10386 | D:9      | Noticed Erica
 10392 | D:9      | Killed Erica
 10393 | D:9      | Reached skill level 15 in Long Blades
 10589 | D:9      | Found a radiant altar of Vehumet.
 10855 | D:9      | Noticed a two-headed ogre
 10870 | D:9      | Killed a two-headed ogre
 11009 | D:9      | Found a runed translucent gate.
 11010 | D:9      | Found a runed translucent gate.
 11010 | D:9      | Found a runed translucent gate.
 11010 | D:9      | Noticed Eryximachus's ghost (novice TeAE)
 11144 | D:9      | Reached skill level 16 in Long Blades
 11149 | D:9      | Killed Eryximachus's ghost
 11150 | D:9      | Reached skill level 1 in Evocations
 11214 | Lair:1   | Entered Level 1 of the Lair of Beasts
 11266 | Lair:1   | Slain by a yak

Illustrated notes

Levels and vault maps discovered:
D:1:      dpeg_arrival_boxes_within_box, layout_loops_corners,
          shapermc_ecumenical_altar_venn
D:2:      layout_rooms, uniq_terence
D:3:      layout_basic, chequers_serial_rivers_large_a
D:4:      layout_loops_ring, enter_ossuary_5, uniq_ijyb
D:5:      layout_rooms, minmay_temple_entry_trees, lightli_sewer_entry_pipes,
          chequers_garden
D:6:      layout_rooms, lemuel_crystal_altar,
          gammafunk_temple_overflow_elements, nicolae_overflow_crystal_walls
D:7:      nzn_winding_woodlands_three_and_one
          [nzn_winding_woodlands_5x15_zeroes,
          nzn_winding_woodlands_5x15_pathside_ponds,
          nzn_winding_woodlands_5x15_parted,
          nzn_winding_woodlands_center_garden], layout_loops_cross,
          grunt_decor_fettered, dk_rats_in_the_wall
D:8:      layout_basic, due_lair_maze_entry_diamond, uniq_prince_ribbit1
D:9:      layout_roguey, vehumet_crystals, gammafunk_ghost_necromancy,
          uniq_erica
Lair:1:   layout_hall_layers, gauntlet_entry_generic

Skill      XL: |  1  2  3  4  5  6  7  8  9 10 11 |
---------------+----------------------------------+-----
Long Blades    | 4 5 6 7 9 12 14 16 | 16.0
Armour         | 2 3 4 6 |  6.0
Fighting       | 4 5 6 |  6.3
Dodging        | 3 |  3.5
Evocations     | 1 |  1.4

Action                   |  1- 3 |  4- 6 |  7- 9 | 10-12 || total
-------------------------+-------+-------+-------+-------++-------
Melee: Falchion          |    68 |   286 |   261 |       ||   615
       Tailslap          |       |     5 |     5 |       ||    10
       Long sword        |       |       |   169 |   201 ||   370
       Dagger            |       |       |     5 |     2 ||     7
       Scimitar          |       |       |       |    69 ||    69
Throw: Dart              |       |       |       |     7 ||     7
Invok: Berserk           |     2 |     5 |     8 |     7 ||    22
       Trog's Hand       |       |     1 |     4 |     4 ||     9
       Brothers in Arms  |       |       |       |     4 ||     4
Evoke: Wand              |       |       |     7 |       ||     7
  Use: Potion            |       |     2 |     2 |     1 ||     5
       Scroll            |       |     6 |     8 |     7 ||    21
 Stab: Sleeping          |     3 |       |     1 |       ||     4
       Distracted        |       |       |       |     1 ||     1
Armor: Animal skin       |     7 |       |       |       ||     7
       Ring mail         |     8 |    90 |    90 |       ||   188
       Plate armour      |       |       |    93 |   134 ||   227
Dodge: Dodged            |    39 |   150 |   222 |    66 ||   477
       Rpst.: Falchion   |    16 |    44 |    51 |       ||   111
       Long sword        |       |       |    23 |    14 ||    37
       Scimitar          |       |       |       |     7 ||     7

Table legend: (Time is in decaauts)
 A = Elapsed time spent in this place.
 B = Non-inter-level travel time spent in this place.
 C = Inter-level travel time spent in this place.
 D = Time resting spent in this place.
 E = Time spent auto-exploring this place.
 F = Levels seen in this place.
 G = Mean time per level.
                   A        B        C        D        E       F      G
               +--------+--------+--------+--------+--------+-----+--------+
         Total |  11279 |  10990 |    289 |   1121 |   7760 |  12 |  939.9 |
       Dungeon |  10336 |  10047 |    289 |   1017 |   7252 |   9 | 1148.4 |
          Lair |     50 |     50 |      0 |      0 |      0 |   1 |   50.0 |
         Sewer |    314 |    314 |      0 |      0 |    199 |   1 |  314.0 |
       Ossuary |    577 |    577 |      0 |    104 |    309 |   1 |  577.0 |
               +--------+--------+--------+--------+--------+-----+--------+

Top non-repeatable levels by time:
     D:7: 2051 daAuts
     D:1: 1622 daAuts
     D:3: 1390 daAuts
     D:8: 1110 daAuts
     D:9: 1080 daAuts
     D:4: 940 daAuts
     D:2: 836 daAuts
     D:5: 713 daAuts
     D:6: 591 daAuts
 Ossuary: 577 daAuts
   Sewer: 314 daAuts
  Lair:1: 50 daAuts
